 Dungeon Sprint DCSS version 0.28-a0-828-g0121872642 (webtiles) character file.

Game seed: 4373717418056024190

4500000 ytrimaz the Middleweight Champion (level 22, -2/275 HPs)
             Began as a Demonspawn Gladiator on Nov 10, 2021.
             Was the Champion of Makhleb.
             Engulfed by a cloud of flame (15 damage)
             ... in the Dungeon (Sprint VIII: "Arena of Blood").
             The game lasted 00:01:43 (45 turns).

ytrimaz the Middleweight Champion (DsGl)              Turns: 45, Time: 00:01:44

Health: -2/275     AC:  6    Str: 24    XL:     22   Next: 14%
Magic:  0/37       EV: 33    Int:  9    God:    Makhleb [******]
Gold:   0          SH:  0    Dex: 16    Spells: 43/43 levels left

rFire   . . .      SeeInvis .   j - +∞ Axe of Woe
rCold   . . .      Faith    .   (shield currently unavailable)
rNeg    . . .      Spirit   +   a - +0 leather armour
rPois   .          Reflect  .   b - +0 helmet
rElec   .          Harm     .   (cloak unavailable)
rCorr   .          Rampage  .   (no gloves)
Will    +....      NoTele   +   (no boots)
Stlth   ++++++++++              (no amulet)
HPRegen 0.55/turn               (no ring)
MPRegen 0.50/turn               (no ring)

@: mighty, agile
A: powered by pain 3, robust 3, magic shield, magic regeneration, magic link,
sturdy frame 3, weakness stinger 3
a: Renounce Religion, Minor Destruction, Lesser Servant of Makhleb, Major
Destruction, Greater Servant of Makhleb


You were in the Dungeon.
You worshipped Makhleb.
Makhleb was exalted by your worship.
You visited 1 branch

Inventory:

Hand Weapons
 j - the +∞ Axe of Woe (weapon)
   (You found it in the Dungeon)
Missiles
 c - 3 throwing nets (quivered)
Armour
 a - a +0 leather armour (worn)
 b - a +0 helmet (worn)
Scrolls
 i - a scroll of blinking
Potions
 d - a potion of curing
 e - a potion of heal wounds
 f - a potion of haste
 g - 2 potions of magic
 h - a potion of berserk rage


   Skills:
 O Level 27 Fighting
 + Level 11.4(13.3) Short Blades
 + Level 11.4(13.3) Long Blades
 O Level 27 Axes
 + Level 11.4(21.7) Maces & Flails
 + Level 11.4(21.7) Polearms
 + Level 11.4(15.0) Staves
 + Level 11.4(20.8) Slings
 + Level 11.4 Bows
 + Level 11.4 Crossbows
 O Level 27 Throwing
 + Level 11.4 Armour
 O Level 27 Dodging
 O Level 27 Stealth
 + Level 11.4 Shields
 O Level 27 Unarmed Combat
 + Level 11.4 Spellcasting
 + Level 12.3 Conjurations
 + Level 13.7 Hexes
 + Level 12.4 Summonings
 + Level 13.4 Necromancy
 + Level 11.4 Translocations
 + Level 11.4 Transmutations
 + Level 11.4 Fire Magic
 + Level 11.4 Ice Magic
 + Level 11.4 Air Magic
 + Level 11.4 Earth Magic
 + Level 13.7 Poison Magic
 + Level 17.5 Invocations
 + Level 13.7 Evocations


You had 43 spell levels left.
You didn't know any spells.
Your spell library was empty.

Dungeon Overview and Level Annotations

Branches:
Dungeon (1/1)

Altars:
Makhleb

Annotations:
D The Servant


Innate Abilities, Weirdness & Mutations

You are powered by pain.
You are extremely robust. (+30% HP)
When hurt, damage is shared between your health and your magic reserves.
You regenerate magic rapidly.
When low on magic, you restore magic in place of health.
Your movements are significantly less encumbered by armour. (ER -6)
You have a sharp stinger which inflicts weakening toxins.


Message History

* * * LOW HITPOINT WARNING * * *
You hear a shout!
The bag of meat is engulfed in blazing flames.
Your base Short Blades skill increases to level 11!
Your base Long Blades skill increases to level 11!
Your base Maces & Flails skill increases to level 11!
Your base Polearms skill increases to level 11!
Your base Staves skill increases to level 11!
Your base Slings skill increases to level 11!
Your Bows skill increases to level 11!
Your Crossbows skill increases to level 11!
Your Armour skill increases to level 11!
Your Shields skill increases to level 11!
Your Spellcasting skill increases to level 11!
Your Conjurations skill increases to level 12!
Your Summonings skill increases to level 12!
Your Necromancy skill increases to level 13!
Your Translocations skill increases to level 11!
Your Transmutations skill increases to level 11!
Your Fire Magic skill increases to level 11!
Your Ice Magic skill increases to level 11!
Your Air Magic skill increases to level 11!
Your Earth Magic skill increases to level 11!
Your Invocations skill increases to level 17!
You have reached level 22!
Unknown command.
You slice the destroyer!!
You cleave the destroyer in twain.
You destroy the destroyer!
Makhleb accepts your kill.
You feel better.
You slice the large bag of meat!!
Flame seeps out of the large bag of meat.
You hew the large bag of meat savagely.
Makhleb accepts your kill.
The large bag of meat explodes!
The fiery explosion engulfs you!!
* * * LOW HITPOINT WARNING * * *
You focus on the pain.
You feel mightier all of a sudden.
You are engulfed in blazing flames.
You die...

=. #### .. ...### .#
.#####...... .....
...........
..##.##..........
........§§§V§....
....#.#§§§§..o#
.....ozV§@§o####..
......z@§§).ooOVV.
.......§oo○....o...
........o§)§........
.........§.........
#.......#..........
#.......#..).......
.###.......###).......
......###...))).......


You could see The Servant, 4 destroyers, 2 sculptors of flesh, a large bag of
meat (inner flame) and 9 bags of meat.

Vanquished Creatures
  3 vampire knights (D)
  16 ogres (D)
  5 two-headed ogres (D)
  A hydra (D)
  36 orcs (D)
  A skeletal warrior (D)
62 creatures vanquished.

Notes
Turn   | Place    | Note
-------+----------+-------------------------------------------
     0 | D        | Found the +∞ Axe of Woe
     0 | D        | ytrimaz the Demonspawn Gladiator began the quest for the
                  | Orb.
     0 | D        | Reached XP level 1. HP: 16/16 MP: 1/1
     1 | D        | Noticed a meat berserker
     4 | D        | Became a worshipper of Makhleb the Destroyer
     5 | D        | Noticed a bag of meat
     5 | D        | Noticed a bag of meat
     5 | D        | Noticed a bag of meat
     5 | D        | Noticed a bag of meat
     8 | D        | Killed a meat berserker
     8 | D        | Noticed a bag of meat
     8 | D        | Noticed a bag of meat
     9 | D        | Reached skill level 10 in Fighting
     9 | D        | Gained mutation: You have a small tail. [demonic ancestry]
     9 | D        | Reached XP level 2. HP: 36/36 MP: 2/2
     9 | D        | Gained mutation: Your movements are slightly less
                  | encumbered by armour. (ER -2) [demonic ancestry]
     9 | D        | Reached XP level 3. HP: 42/42 MP: 3/3
     9 | D        | Gained mutation: You regenerate magic rapidly. [demonic
                  | ancestry]
     9 | D        | Reached XP level 4. HP: 48/48 MP: 4/4
     9 | D        | Gained mutation: You have a tail ending in a sharp stinger.
                  | [demonic ancestry]
     9 | D        | Reached XP level 5. HP: 54/54 MP: 5/5
     9 | D        | Gained mutation: You sometimes gain a little power by
                  | taking damage. [demonic ancestry]
     9 | D        | Reached XP level 6. HP: 61/61 MP: 6/6
     9 | D        | Reached XP level 7. HP: 67/67 MP: 7/7
     9 | D        | Gained mutation: You sometimes gain power by taking damage.
                  | [demonic ancestry]
     9 | D        | Reached XP level 8. HP: 73/73 MP: 8/8
     9 | D        | Reached XP level 9. HP: 79/79 MP: 9/9
     9 | D        | Gained mutation: When hurt, damage is shared between your
                  | health and your magic reserves. [demonic ancestry]
     9 | D        | Reached XP level 10. HP: 86/86 MP: 10/10
     9 | D        | Gained mutation: You have a sharp stinger which inflicts
                  | weakening toxins. [demonic ancestry]
     9 | D        | Reached XP level 11. HP: 92/92 MP: 11/11
    11 | D        | Noticed a bag of meat
    12 | D        | Noticed a meat berserker
    12 | D        | Noticed a bag of meat
    12 | D        | Noticed a bag of meat
    12 | D        | Noticed a bag of meat
    12 | D        | Noticed a bag of meat
    12 | D        | Noticed a meat berserker
    12 | D        | Noticed a meat berserker
    12 | D        | Noticed a bag of meat
    13 | D        | Noticed a meat berserker
    13 | D        | Killed a bag of meat
    13 | D        | Reached * piety under Makhleb
    13 | D        | Killed a bag of meat
    13 | D        | Noticed a bag of meat
    13 | D        | Noticed a meat berserker
    14 | D        | Reached skill level 5 in Axes
    14 | D        | Reached skill level 10 in Throwing
    14 | D        | Gained mutation: You are powered by pain. [demonic
                  | ancestry]
    14 | D        | Reached XP level 12. HP: 102/102 MP: 12/12
    14 | D        | Reached XP level 13. HP: 108/108 MP: 13/13
    14 | D        | Noticed a meat berserker
    14 | D        | Killed a meat berserker
    14 | D        | Killed a bag of meat
    14 | D        | Reached ** piety under Makhleb
    14 | D        | Killed a bag of meat
    14 | D        | Noticed a bag of meat
    14 | D        | Noticed a bag of meat
    14 | D        | Noticed a bag of meat
    14 | D        | Noticed a bag of meat
    14 | D        | Noticed a bag of meat
    15 | D        | Reached XP level 14. HP: 83/121 MP: 10/14
    15 | D        | Killed a meat berserker
    15 | D        | Killed a bag of meat
    15 | D        | Reached *** piety under Makhleb
    15 | D        | Killed a meat berserker
    15 | D        | Killed a bag of meat
    15 | D        | Noticed a meat berserker
    15 | D        | Noticed a bag of meat
    15 | D        | Noticed a bag of meat
    16 | D        | Gained mutation: Your movements are less encumbered by
                  | armour. (ER -4) [demonic ancestry]
    16 | D        | Reached XP level 15. HP: 133/133 MP: 10/15
    16 | D        | Killed a meat berserker
    16 | D        | Reached **** piety under Makhleb
    16 | D        | Noticed a meat berserker
    17 | D        | Gained mutation: Your movements are significantly less
                  | encumbered by armour. (ER -6) [demonic ancestry]
    17 | D        | Reached XP level 16. HP: 51/143 MP: 4/16
    17 | D        | Killed a meat berserker
    17 | D        | Killed a meat berserker
    17 | D        | Reached ***** piety under Makhleb
    17 | D        | Noticed a meat berserker
    18 | D        | Reached skill level 27 in Dodging
    18 | D        | Reached skill level 27 in Unarmed Combat
    18 | D        | Gained mutation: When low on magic, you restore magic in
                  | place of health. [demonic ancestry]
    18 | D        | Reached XP level 17. HP: 160/160 MP: 5/17
    19 | D        | Reached skill level 1 in Stealth
    19 | D        | Killed a meat berserker
    19 | D        | Reached ****** piety under Makhleb
    20 | D        | Reached skill level 27 in Axes
    20 | D        | Gained mutation: You are robust. (+10% HP) [demonic
                  | ancestry]
    20 | D        | Reached XP level 18. HP: 172/198 MP: 6/18
    20 | D        | Noticed a large bag of meat
    21 | D        | Reached skill level 27 in Fighting
    21 | D        | Killed a meat berserker
    22 | D        | Reached skill level 27 in Throwing
    22 | D        | Killed a meat berserker
    23 | D        | Noticed a meat berserker
    24 | D        | Noticed a meat berserker
    25 | D        | Gained mutation: You are very robust. (+20% HP) [demonic
                  | ancestry]
    25 | D        | Reached XP level 19. HP: 200/226 MP: 17/19
    25 | D        | Noticed a meat berserker
    26 | D        | Noticed an eight-headed meat hydra
    28 | D        | Noticed a meat berserker
    29 | D        | Noticed a large bag of meat
    29 | D        | Noticed a destroyer
    29 | D        | Noticed The Servant
    29 | D        | Noticed a destroyer
    30 | D        | Noticed a large bag of meat
    30 | D        | Noticed a meat berserker
    31 | D        | Noticed a large bag of meat
    31 | D        | Killed a meat berserker
    31 | D        | Killed a destroyer
    31 | D        | Killed a meat berserker
    32 | D        | Reached skill level 27 in Stealth
    32 | D        | Killed a meat berserker
    32 | D        | Noticed a destroyer
    33 | D        | Reached skill level 5 in Short Blades
    33 | D        | Reached skill level 5 in Long Blades
    33 | D        | Reached skill level 5 in Maces & Flails
    33 | D        | Reached skill level 5 in Polearms
    33 | D        | Reached skill level 5 in Staves
    33 | D        | Reached skill level 5 in Slings
    33 | D        | Reached skill level 5 in Bows
    33 | D        | Reached skill level 5 in Crossbows
    33 | D        | Reached skill level 5 in Armour
    33 | D        | Reached skill level 5 in Shields
    33 | D        | Reached skill level 5 in Spellcasting
    33 | D        | Reached skill level 5 in Translocations
    33 | D        | Reached skill level 5 in Transmutations
    33 | D        | Reached skill level 5 in Fire Magic
    33 | D        | Reached skill level 5 in Ice Magic
    33 | D        | Reached skill level 5 in Air Magic
    33 | D        | Reached skill level 5 in Earth Magic
    33 | D        | Reached XP level 20. HP: 236/236 MP: 16/28
    33 | D        | Noticed a destroyer
    34 | D        | Killed a meat berserker
    34 | D        | Killed a large bag of meat
    34 | D        | Noticed a meat berserker
    35 | D        | Reached skill level 10 in Invocations
    36 | D        | Killed a meat berserker
    37 | D        | Killed a destroyer
    37 | D        | Killed a large bag of meat
    38 | D        | Reached skill level 10 in Hexes
    38 | D        | Reached skill level 10 in Necromancy
    38 | D        | Reached skill level 10 in Poison Magic
    38 | D        | Reached skill level 10 in Evocations
    38 | D        | Gained mutation: You are extremely robust. (+30% HP)
                  | [demonic ancestry]
    38 | D        | Reached XP level 21. HP: 185/265 MP: 21/33
    38 | D        | Killed a large bag of meat
    39 | D        | Noticed a destroyer
    39 | D        | Noticed a large bag of meat
    40 | D        | Noticed a large bag of meat
    41 | D        | Reached skill level 10 in Conjurations
    41 | D        | Reached skill level 10 in Summonings
    41 | D        | Reached skill level 15 in Invocations
    41 | D        | Noticed a destroyer
    42 | D        | Reached skill level 10 in Short Blades
    42 | D        | Reached skill level 10 in Long Blades
    42 | D        | Reached skill level 10 in Maces & Flails
    42 | D        | Reached skill level 10 in Polearms
    42 | D        | Reached skill level 10 in Staves
    42 | D        | Reached skill level 10 in Slings
    42 | D        | Reached skill level 10 in Bows
    42 | D        | Reached skill level 10 in Crossbows
    42 | D        | Reached skill level 10 in Armour
    42 | D        | Reached skill level 10 in Shields
    42 | D        | Reached skill level 10 in Spellcasting
    42 | D        | Reached skill level 10 in Translocations
    42 | D        | Reached skill level 10 in Transmutations
    42 | D        | Reached skill level 10 in Fire Magic
    42 | D        | Reached skill level 10 in Ice Magic
    42 | D        | Reached skill level 10 in Air Magic
    42 | D        | Reached skill level 10 in Earth Magic
    42 | D        | Noticed a destroyer
    44 | D        | Killed a large bag of meat
    44 | D        | HP: 6/265 [The Servant (22)]
    45 | D        | Reached XP level 22. HP: 6/275 MP: 4/37
    45 | D        | Killed a destroyer
    45 | D        | Killed a large bag of meat
    45 | D        | Engulfed by a cloud of flame

Illustrated notes

Levels and vault maps discovered:
D:        meatsprint

Skill      XL: |  1  2  3  4  5  6  7  8  9 10 11 12 13 14 15 16 17 18 19 20 21 |
---------------+----------------------------------------------------------------+-----
Fighting       | 10 12 14 16 17 22 26 27 | 27.0
Axes           | 3 5 7 11 13 22 27 | 27.0
Throwing       | 9 10 12 14 17 20 27 | 27.0
Dodging        | 17 19 22 25 26 27 | 27.0
Unarmed Combat | 17 19 23 26 27 | 27.0
Stealth        | 4 24 27 | 27.0
Short Blades   | 5 8 11 | 11.4
Long Blades    | 5 8 11 | 11.4
Maces & Flails | 5 8 11 | 11.4
Polearms       | 5 8 11 | 11.4
Staves         | 5 8 11 | 11.4
Slings         | 5 8 11 | 11.4
Bows           | 5 8 11 | 11.4
Crossbows      | 5 8 11 | 11.4
Armour         | 5 8 11 | 11.4
Shields        | 5 8 11 | 11.4
Spellcasting   | 5 8 11 | 11.4
Conjurations   | 6 9 12 | 12.3
Hexes          | 6 10 13 | 13.7
Summonings     | 6 9 12 | 12.4
Necromancy     | 6 10 13 | 13.4
Translocations | 5 8 11 | 11.4
Transmutations | 5 8 11 | 11.4
Fire Magic     | 5 8 11 | 11.4
Ice Magic      | 5 8 11 | 11.4
Air Magic      | 5 8 11 | 11.4
Earth Magic    | 5 8 11 | 11.4
Poison Magic   | 6 10 13 | 13.7
Invocations    | 8 13 17 | 17.5
Evocations     | 6 10 13 | 13.7

Action                   |  1- 3 |  4- 6 |  7- 9 | 10-12 | 13-15 | 16-18 | 19-21 | 22-24 || total
-------------------------+-------+-------+-------+-------+-------+-------+-------+-------++-------
Melee: Executioner's axe |     1 |       |       |     1 |     3 |     7 |    12 |     1 ||    25
Dodge: Dodged            |       |       |       |       |       |       |     7 |       ||     7

Table legend: (Time is in decaauts)
 A = Elapsed time spent in this place.
 B = Non-inter-level travel time spent in this place.
 C = Inter-level travel time spent in this place.
 D = Time resting spent in this place.
 E = Time spent auto-exploring this place.
 F = Levels seen in this place.
 G = Mean time per level.
                   A        B        C        D        E       F      G
               +--------+--------+--------+--------+--------+-----+--------+
         Total |     42 |     42 |      0 |      0 |      0 |   1 |   42.0 |
       Dungeon |     42 |     42 |      0 |      0 |      0 |   1 |   42.0 |
               +--------+--------+--------+--------+--------+-----+--------+

Top non-repeatable levels by time:
       D: 42 daAuts
